 Dungeon Crawl Stone Soup version 0.23-a0-54-gae6112e (webtiles) character file.

420 galech the Covered (level 6, -5/51 HPs)
             Began as a Gnoll Wanderer on Aug 8, 2018.
             Slain by Grinder (6 damage)
             ... while paralysed by Grinder
             ... on level 4 of the Dungeon.
             The game lasted 00:04:58 (3021 turns).

galech the Covered (Gnoll Wanderer)                 Turns: 3021, Time: 00:04:59

Health: -5/51      AC:  7    Str: 17    XL:     6   Next: 94%
Magic:  9/9        EV:  2    Int: 12    God:
Gold:   114        SH:  0    Dex: 16    Spells: 9/9 levels left

rFire    . . .     SeeInvis .   m - +3 whip (elec)
rCold    . . .     Gourm    .   q - +0 buckler
rNeg     . . .     Faith    .   u - +0 scale mail
rPois    .         Spirit   .   (no helmet)
rElec    .         Reflect  .   (no cloak)
rCorr    .         Harm     .   (no gloves)
MR       .....                  (no boots)
Stlth    +.........             (no amulet)
HPRegen  0.17/turn              (no ring)
MPRegen  0.11/turn              (no ring)

@: paralysed
A: distributed training, fangs 1, strong nose
a: no special abilities


You were on level 4 of the Dungeon.
You were not hungry.

You visited 1 branch of the dungeon, and saw 4 of its levels.

You collected 114 gold pieces.

Inventory:

Hand Weapons
 b - a +2 blowgun
 m - a +3 whip of electrocution (weapon)
 p - a +1 hand axe of electrocution
 r - a +2 war axe of venom
Missiles
 a - 2 curare-tipped needles
 g - 30 poisoned needles
Armour
 q - a +0 buckler (worn)
 u - a +0 scale mail (worn)
Scrolls
 e - a scroll of remove curse {unknown}
 h - a scroll of fog
 j - 2 scrolls of enchant weapon
 l - 2 scrolls of teleportation
 s - 2 scrolls of amnesia
Potions
 c - a potion of lignification {unknown}
 i - a potion of curing {unknown}
 k - a potion of heal wounds {unknown}
 o - 3 potions of brilliance {unknown}
 t - a potion of cancellation {unknown}
Comestibles
 f - 5 rations


   Skills:
 + Level 5.0 Fighting
 + Level 2.1 Short Blades
 + Level 2.1 Long Blades
 + Level 2.1 Axes
 + Level 6.9 Maces & Flails
 + Level 2.1 Polearms
 + Level 2.1 Staves
 + Level 2.1 Slings
 + Level 2.1 Bows
 + Level 2.1 Crossbows
 + Level 3.3 Throwing
 + Level 6.9 Armour
 + Level 2.1 Dodging
 + Level 2.1 Stealth
 + Level 2.1 Shields
 + Level 2.1 Unarmed Combat
 + Level 2.1 Spellcasting
 + Level 1.7 Conjurations
 + Level 1.7 Hexes
 + Level 1.7 Charms
 + Level 1.7 Summonings
 + Level 1.7 Necromancy
 + Level 1.7 Translocations
 + Level 1.7 Transmutations
 + Level 1.7 Fire Magic
 + Level 1.7 Ice Magic
 + Level 1.7 Air Magic
 + Level 1.7 Earth Magic
 + Level 1.7 Poison Magic
 + Level 2.3 Invocations
 + Level 3.3 Evocations


You had 9 spell levels left.
You didn't know any spells.
Your spell library was empty.

Dungeon Overview and Level Annotations

Branches:
Dungeon (4/15)
 Temple: D:4-7

Altars:

Annotations:
D:4 Grinder


Innate Abilities, Weirdness & Mutations

Your experience applies equally to all skills.
You have very sharp teeth.
Your uncanny sense of smell can sniff out nearby items.


Message History

You are too injured to fight recklessly!
You are too injured to fight recklessly!
You whack Grinder!
Grinder is severely wounded.
Grinder gestures at you.
You suddenly lose the ability to move!
Grinder hits you but does no damage. Grinder hits you.
The ooze completely misses you. The ooze hits you but does no damage.
Grinder hits you.
You writhe in agony.
* * * LOW HITPOINT WARNING * * *
The ooze hits you.
* * * LOW HITPOINT WARNING * * *
Grinder hits you.
* * * LOW HITPOINT WARNING * * *
You writhe in agony.
* * * LOW HITPOINT WARNING * * *
The ooze hits you but does no damage. Grinder hits you.
* * * LOW HITPOINT WARNING * * *
You writhe in agony.
You die...

. #. #### .. # ∆ ..# .# .#
.####.# .##.. ......## ...
#...####5# #.....J@.#
######## #...######
#......# ######.##
#.####.# #(.....#
######.####.# #...####
####...........#### #...#
#......##.###...... #...#
#.##.#.##......####
#...######.##.#.#########
#..........##.......######


You could see Grinder and an ooze.

Vanquished Creatures
  A scorpion (D:4)
  A howler monkey (D:4)
  2 hounds (D:3)
  Jessica (D:3)
  Natasha (thrice) (D:3)
  7 gnolls
  2 adders
  An ooze (D:2)
  3 worms
  A dart slug (D:1)
  A leopard gecko (D:2)
  2 orcs (D:3)
  3 giant cockroaches
  8 hobgoblins
  7 jackals (D:3)
  10 kobolds
  A quokka (D:3)
  5 bats
  2 frilled lizards (D:3)
  12 goblins
  A rat (D:2)
74 creatures vanquished.

Notes
Turn   | Place    | Note
-------+----------+-------------------------------------------
     0 | D:1      | galech the Gnoll Wanderer began the quest for the Orb.
     0 | D:1      | galech set off with: 2 curare-tipped needles, a +2 blowgun, a +0 ring mail, a +0 mace, a ration
     0 | D:1      | Reached XP level 1. HP: 20/20 MP: 2/2
   106 | D:1      | Reached XP level 2. HP: 26/26 MP: 3/3
   666 | D:2      | Reached XP level 3. HP: 31/31 MP: 4/4
  1191 | D:1      | Reached skill level 1 in Invocations
  1393 | D:1      | Reached skill level 1 in Short Blades
  1393 | D:1      | Reached skill level 1 in Long Blades
  1393 | D:1      | Reached skill level 1 in Axes
  1393 | D:1      | Reached skill level 1 in Polearms
  1393 | D:1      | Reached skill level 1 in Staves
  1393 | D:1      | Reached skill level 1 in Slings
  1393 | D:1      | Reached skill level 1 in Bows
  1393 | D:1      | Reached skill level 1 in Crossbows
  1393 | D:1      | Reached skill level 1 in Dodging
  1393 | D:1      | Reached skill level 1 in Stealth
  1393 | D:1      | Reached skill level 1 in Shields
  1393 | D:1      | Reached skill level 1 in Unarmed Combat
  1393 | D:1      | Reached skill level 1 in Spellcasting
  1393 | D:1      | Reached XP level 4. HP: 38/38 MP: 4/6
  1897 | D:3      | Reached skill level 1 in Conjurations
  1897 | D:3      | Reached skill level 1 in Hexes
  1897 | D:3      | Reached skill level 1 in Charms
  1897 | D:3      | Reached skill level 1 in Summonings
  1897 | D:3      | Reached skill level 1 in Necromancy
  1897 | D:3      | Reached skill level 1 in Translocations
  1897 | D:3      | Reached skill level 1 in Transmutations
  1897 | D:3      | Reached skill level 1 in Fire Magic
  1897 | D:3      | Reached skill level 1 in Ice Magic
  1897 | D:3      | Reached skill level 1 in Air Magic
  1897 | D:3      | Reached skill level 1 in Earth Magic
  1897 | D:3      | Reached skill level 1 in Poison Magic
  1970 | D:3      | Reached XP level 5. HP: 42/43 MP: 7/7
  2229 | D:3      | Noticed Natasha
  2237 | D:3      | Killed Natasha
  2291 | D:3      | Noticed Natasha
  2383 | D:3      | Killed Natasha
  2383 | D:3      | Reached XP level 6. HP: 47/50 MP: 8/8
  2463 | D:3      | Noticed Jessica
  2471 | D:3      | Killed Jessica
  2600 | D:3      | Reached skill level 5 in Fighting
  2676 | D:3      | Noticed Natasha
  2682 | D:3      | Killed Natasha
  3007 | D:4      | Noticed Grinder
  3016 | D:4      | Paralysed by Grinder for 7 turns
  3021 | D:4      | HP: 1/51 [Grinder (3)]
  3021 | D:4      | Slain by Grinder

Vault maps used:
D:1:      dpeg_arrival_tiny_a
D:3:      uniq_natasha, uniq_jessica
D:4:      uniq_grinder, uniq_edmund

Skill      XL: |  1  2  3  4  5  6 |
---------------+-------------------+-----
Invocations    | 1 2 |  2.3
Short Blades   | 1 2 |  2.1
Long Blades    | 1 2 |  2.1
Axes           | 1 2 |  2.1
Polearms       | 1 2 |  2.1
Staves         | 1 2 |  2.1
Slings         | 1 2 |  2.1
Bows           | 1 2 |  2.1
Crossbows      | 1 2 |  2.1
Dodging        | 1 2 |  2.1
Stealth        | 1 2 |  2.1
Shields        | 1 2 |  2.1
Unarmed Combat | 1 2 |  2.1
Spellcasting   | 1 2 |  2.1
Conjurations   | 1 |  1.7
Hexes          | 1 |  1.7
Charms         | 1 |  1.7
Summonings     | 1 |  1.7
Necromancy     | 1 |  1.7
Translocations | 1 |  1.7
Transmutations | 1 |  1.7
Fire Magic     | 1 |  1.7
Ice Magic      | 1 |  1.7
Air Magic      | 1 |  1.7
Earth Magic    | 1 |  1.7
Poison Magic   | 1 |  1.7
Throwing       | 3 |  3.3
Evocations     | 3 |  3.3
Fighting       | 5 |  5.0
Maces & Flails | |  6.9
Armour         | |  6.9

Action                   |  1- 3 |  4- 6 || total
-------------------------+-------+-------++-------
Melee: Mace              |    77 |     6 ||    83
       Bite              |     9 |     6 ||    15
       Whip              |       |   116 ||   116
  Use: Scroll            |       |     4 ||     4
 Stab: Sleeping          |       |     1 ||     1
  Eat: Chunk             |     2 |     5 ||     7
Armor: Ring mail         |    27 |    24 ||    51
       Scale mail        |       |     6 ||     6
Dodge: Dodged            |    38 |    41 ||    79
Block: Buckler           |     5 |    15 ||    20

Table legend:
 A = Spawn XP
 B = Non-spawn XP
 C = Spawn XP percentage of total XP
 D = Spawn monster count
 E = Non-spawn monster count
 F = Spawn count percentage of total count
 G = Total turns spent on level
                    A         B        C        D         E        F      G
               +---------+---------+-------+---------+---------+-------+---------
         Total |       0 |     600 |   0.0 |       0 |      74 |   0.0 |  3021
               +---------+---------+-------+---------+---------+-------+---------
           D:1 |       0 |      59 |   0.0 |       0 |      18 |   0.0 |  1062
           D:2 |       0 |      72 |   0.0 |       0 |      16 |   0.0 |   920
           D:3 |       0 |     346 |   0.0 |       0 |      37 |   0.0 |   731
           D:4 |       0 |     123 |   0.0 |       0 |       3 |   0.0 |   308
               +---------+---------+-------+---------+---------+-------+---------
